 Dungeon Crawl Stone Soup version 0.32-a0-711-g016ad743e0 (webtiles) character file.

Game seed: 7063584553743155261

298 PriceMaster the Grave Robber (level 6, -3/66 HPs)
             Began as a Demonspawn Necromancer on Mar 15, 2024.
             Was an Initiate of Qazlal.
             Slain by Duvessa
             ... wielding a +0 short sword
              (4 damage)
             ... on level 4 of the Dungeon.
             The game lasted 00:05:55 (2530 turns).

PriceMaster the Grave Robber (DsNe)                 Turns: 2530, Time: 00:05:56

Health: -3/66      AC: 30    Str:  9    XL:     6   Next: 13%
Magic:  1/11       EV:  2    Int: 17    God:    Qazlal [......]
Gold:   113        SH:  0    Dex: 13    Spells: 11/12 levels left

rFire   . . .        c - +0 long sword (protect)
rCold   . . .        (no shield)
rNeg    . . .        f - melded +1 ring mail
rPois   +            b - melded +0 hat
rElec   .            (cloak currently unavailable)
rCorr   .            (gloves currently unavailable)
SInv    .            j - melded +0 pair of boots
Will    .....        (no amulet)
Stlth   ++           (no ring)
HPRegen 0.31/turn    (no ring)
MPRegen 0.12/turn

%: no passive effects
@: tree-form (expiring), under a protective aura, attractive
A: stationary, stasis, torment immunity, boosted hp, (horns 1), rugged brown
scales 3, powered by death 1
a: Renounce Religion


You were on level 4 of the Dungeon.
You worshipped Qazlal.
Qazlal was noncommittal.
You were a tree.
You visited 1 branch of the dungeon, and saw 4 of its levels.

You collected 113 gold pieces.

Inventory:

Hand Weapons
 c - a +0 long sword of protection (weapon)
 i - a +1 dagger of venom
Armour
 a - a +0 robe
 b - a +0 hat (melded)
 f - a +1 ring mail (melded)
 j - a +0 pair of boots (melded)
Scrolls
 l - a scroll of brand weapon
Potions
 e - a potion of attraction
 g - 2 potions of lignification


   Skills:
 * Level 0.8 Fighting
 + Level 1.2(1.3) Short Blades
 + Level 0.5(1.0) Long Blades
 + Level 1.3 Armour
 + Level 2.1 Dodging
 + Level 2.1 Stealth
 + Level 3.9 Spellcasting
 + Level 5.7 Necromancy


You had 11 spell levels left.
You knew the following spells:

 Your Spells              Type           Power      Damage    Failure   Level
a - Necrotise             Necr           88%        1d8       1%          1

Your spell library contained the following spells:

 Spells                   Type           Power      Damage    Failure   Level
 Vampiric Draining        Necr           22%        2d7       4%          3
 Animate Dead             Necr           22%        N/A       16%         4
 Curse of Agony           Necr           22%        N/A       38%         5


Dungeon Overview and Level Annotations

Branches:
Dungeon (4/15)
 Temple: D:4-7

Altars:
Qazlal
Trog

Shops:
D:1 :

Annotations:
D:4 Duvessa


Innate Abilities, Weirdness & Mutations

You are a tree.
Your roots penetrate the ground, keeping you stationary.
You cannot be teleported.
You are immune to unholy pain and torment.
Your maximum health is greatly increased.
Your equipment is partially melded.
((You have a pair of small horns on your head.))
(You are completely covered in rugged brown scales. (AC +3, +7% HP))
You regenerate a little health from kills.


Message History

Rugged brown scales cover your body completely.
Okay, then.
Casting: Necrotise (safe; 1% risk of failure)
Confirm with . or Enter, or press ? or * to list all spells.
Aiming: Necrotise (safe; 1% risk of failure)
Press: ? - help, Shift-Dir - straight line, f - Duvessa
Aim: Duvessa, wielding a +0 short sword and wearing a +0 chain mail (severely wounded, berserk, chance to affect: 67%) Duvessa struggles to resist.
Duvessa hits you but does no damage. Duvessa hits you with a +0 short sword.
The white imp hits you but does no damage.
The goblin is attracted toward you.
You hit Duvessa.
Duvessa is severely wounded.
Duvessa hits you with a +0 short sword. The white imp completely misses you.
Duvessa hits you but does no damage. The goblin is attracted toward you.
You barely miss Duvessa.
Duvessa is severely wounded.
Duvessa hits you with a +0 short sword. The white imp gestures at you.
The puff of frost hits you but does no damage.
Duvessa hits you with a +0 short sword. The white imp gestures at you.
The puff of frost hits you but does no damage.
The goblin is attracted toward you.
You hit Duvessa.
Duvessa is severely wounded.
Duvessa hits you with a +0 short sword.
* * * LOW HITPOINT WARNING * * *
Duvessa hits you with a +0 short sword!
* * * LOW HITPOINT WARNING * * *
The white imp shouts, "Quit, thou euchred onion-eyed joithead!"
The white imp hits you but does no damage.
The goblin is attracted toward you.
Okay, then.
Okay, then.
You aren't carrying any items that you can evoke.
You barely miss Duvessa.
Duvessa is severely wounded.
The goblin seems to regain its courage.
Duvessa hits you with a +0 short sword.
You die...

......... .
#.#......
...######.#......
.......#.....# #
#....<....##.#.
#...###.........
#.. #.##........
#....#..?).##....
......†♣g§§#....
......5#e..# ...
.......##.......
.....#. ......
..#<... ...... .
#. .. ......
..... [.... ..
... ....


You could see Duvessa (berserk), a white imp and a goblin.

Vanquished Creatures
  An ogre (D:3)
  Dowan (D:4)
  A hound (D:4)
  2 gnolls (D:3)
  4 adders
  3 dart slugs
  2 ribbon worms
  3 orcs (D:3)
  5 ball pythons
  2 endoplasms
  A giant cockroach (D:1)
  4 goblins
  7 hobgoblins
  4 jackals (D:1)
  3 kobolds
  3 quokkas (D:3)
  3 bats (D:1)
  A frilled lizard (D:2)
  3 rats
53 creatures vanquished.

Vanquished Creatures (collateral kills)
  A gnoll (D:3)
  An endoplasm (D:3)
  A goblin (D:1)
  A frilled lizard (D:1)
4 creatures vanquished.

Grand Total: 57 creatures vanquished

Notes
Turn   | Place    | Note
-------+----------+-------------------------------------------
     0 | D:1      | PriceMaster the Demonspawn Necromancer began the quest for
                  | the Orb.
     0 | D:1      | Reached XP level 1. HP: 13/13 MP: 3/3
   264 | D:1      | Found Retrad's Book Shop.
   309 | D:1      | Gained mutation: You are partially covered in rugged brown
                  | scales. (AC +1, +3% HP) [demonic ancestry]
   309 | D:1      | Reached XP level 2. HP: 11/19 MP: 1/5
   919 | D:2      | Gained mutation: You have a pair of small horns on your
                  | head. [demonic ancestry]
   919 | D:2      | Reached XP level 3. HP: 24/24 MP: 3/6
  1128 | D:2      | Reached skill level 5 in Necromancy
  1309 | D:2      | Found a faded altar of an unknown god.
  1610 | D:3      | Gained mutation: You are mostly covered in rugged brown
                  | scales. (AC +2, +5% HP) [demonic ancestry]
  1610 | D:3      | Reached XP level 4. HP: 24/31 MP: 1/8
  1696 | D:3      | Noticed an ogre
  1710 | D:3      | Killed an ogre
  1711 | D:3      | Reached skill level 1 in Short Blades
  1711 | D:3      | Reached skill level 1 in Armour
  1711 | D:3      | Gained mutation: You regenerate a little health from kills.
                  | [demonic ancestry]
  1711 | D:3      | Reached XP level 5. HP: 35/36 MP: 1/9
  1879 | D:3      | Found a bloodstained altar of Trog.
  1879 | D:3      | Found a stormy altar of Qazlal.
  1909 | D:3      | Became a worshipper of Qazlal Stormbringer
  2497 | D:4      | Noticed Duvessa
  2499 | D:4      | Noticed Dowan
  2525 | D:4      | Killed Dowan
  2526 | D:4      | Gained mutation: You are completely covered in rugged brown
                  | scales. (AC +3, +7% HP) [demonic ancestry]
  2526 | D:4      | Reached XP level 6. HP: 24/44 MP: 1/11
  2529 | D:4      | HP: 1/66 [Duvessa/+0 short sword (16)]
  2530 | D:4      | Slain by Duvessa

Illustrated notes

Levels and vault maps discovered:
D:1:      grunt_arrival_lava_bath, layout_basic, serial_shops,
          nicolae_shop_stone
D:2:      layout_rooms, serial_forest, infiniplex_forest_corner_1,
          infiniplex_forest_lined_corner, infiniplex_forest_straight_2,
          infiniplex_forest_zigzag_1, infiniplex_forest_straight_2,
          hellmonk_ecumenical_altar_leap_of_faith
D:3:      layout_rooms, nicolae_overflow_squiral
D:4:      kennysheep_goblin_castle, layout_cave_pools,
          grunt_temple_overflow_open, uniq_duvessa

Skill      XL: |  1  2  3  4 |
---------------+-------------+-----
Stealth        | 2 |  2.1
Necromancy     | 5 |  5.7
Dodging        | 2 |  2.1
Short Blades   | 1 |  1.2
Armour         | 1 |  1.3
Spellcasting   | 3 |  3.9
Fighting       | |  0.8
Long Blades    | |  0.5

Action                     |  1- 3 |  4- 6 || total
---------------------------+-------+-------++-------
  Melee: Long sword        |    17 |    21 ||    38
         Dagger            |     7 |    26 ||    33
         Headbutt          |     2 |     5 ||     7
   Cast: Necrotise         |    57 |    48 ||   105
    Use: Scroll            |     3 |     4 ||     7
         Potion            |     2 |     5 ||     7
   Stab: Distracted        |     1 |       ||     1
 Armour: Robe              |     6 |       ||     6
         Ring mail         |    40 |    28 ||    68
         Skin              |       |    75 ||    75
  Dodge: Dodged            |    18 |    27 ||    45

Table legend: (Time is in decaauts)
 A = Elapsed time spent in this place.
 B = Non-inter-level travel time spent in this place.
 C = Inter-level travel time spent in this place.
 D = Time resting spent in this place.
 E = Time spent auto-exploring this place.
 F = Levels seen in this place.
 G = Mean time per level.
                   A        B        C        D        E       F      G
               +--------+--------+--------+--------+--------+-----+--------+
         Total |   2538 |   2457 |     81 |    229 |   1766 |   4 |  634.5 |
       Dungeon |   2538 |   2457 |     81 |    229 |   1766 |   4 |  634.5 |
               +--------+--------+--------+--------+--------+-----+--------+

Top non-repeatable levels by time:
     D:3: 925 daAuts
     D:1: 817 daAuts
     D:2: 738 daAuts
     D:4: 57 daAuts
